 Dungeon Crawl Stone Soup version 0.28.0-53-g5a82cb258f (console) character file.

Game seed: 8676470237665039609

265 Faeu the Slasher (level 5, -2/45 HPs)
             Began as a Minotaur Fighter on May 28, 2022.
             Slain by an ogre
             ... wielding a +0 giant spiked club
              (16 damage)
             ... on level 4 of the Dungeon.
             The game lasted 00:03:26 (2309 turns).

Faeu the Slasher (Minotaur Fighter)                 Turns: 2309, Time: 00:03:26

Health: -2/45      AC:  6    Str: 23    XL:     5   Next: 99%
Magic:  4/4        EV:  9    Int:  5    God:
Gold:   102        SH:  4    Dex:  9    Spells: 4/4 levels left

rFire   . . .      SeeInvis .   a - +0 long sword {long}
rCold   . . .      Faith    .   c - +0 buckler
rNeg    . . .      Spirit   .   b - +0 scale mail
rPois   .          Reflect  .   (helmet restricted)
rElec   .          Harm     .   (no cloak)
rCorr   .          Rampage  .   (no gloves)
Will    .....                   (no boots)
Stlth   ..........              e - amulet of regeneration {@e2}
HPRegen 0.15/turn               (no ring)
MPRegen 0.09/turn               (no ring)

@: no status effects
A: horns 2, retaliatory headbutt
a: no special abilities


You were on level 4 of the Dungeon.
You visited 1 branch of the dungeon, and saw 4 of its levels.

You collected 102 gold pieces.


Innate Abilities, Weirdness & Mutations

You have a pair of horns on your head.
You reflexively headbutt those who attack you in melee.


   Skills:
 - Level 3.6 Fighting
 + Level 7.6 Long Blades
 - Level 3.6 Armour
 - Level 3.6 Shields


You had 4 spell levels left.
You didn't know any spells.
Your spell library was empty.

Inventory:

Hand Weapons
 a - a +0 long sword (weapon) {long}
 k - a +1 dagger of speed {short}
   (You took it off an orc on level 2 of the Dungeon)
Armour
 b - a +0 scale mail (worn)
 c - a +0 buckler (worn)
Jewellery
 e - an amulet of regeneration (around neck) {@e2}
   (You found it on level 1 of the Dungeon)
 h - an amulet of magic regeneration {@e2}
   (You found it on level 1 of the Dungeon)
Scrolls
 f - a scroll of identify {unknown}
 l - a scroll of fog {unknown}
 m - a scroll of teleportation {unknown}
Potions
 d - a potion of might
 g - 2 potions of curing {unknown}
 i - a potion of mutation {unknown}
 j - a potion of degeneration {unknown}
 n - a potion of ambrosia {unknown}

Dungeon Overview and Level Annotations

Branches:
Dungeon (4/15)
 Temple: D:4-7

Altars:
Xom

Shops:
D:1 ([((

### #@#
#OK..#
...#.#
....# ..
.....#
#..
......# .
.......#
.......$#


You could see an ogre and a kobold.


Message History

An orc comes into view. It is wielding a +0 whip.
You hear some strange, mumbled words.
Something tries to affect you, but you resist.
The orc hits you but does no damage. The orc barely misses you.
You closely miss something. Your headbutt misses something. Something hits you.
The orc hits you but does no damage. The orc closely misses you. 😕 HP[-4]
You take 4 damage, and now have 35/45 hp.
You slash the orc!
You kill the orc!
Something hits you but does no damage.
The orc hits you but does no damage. 😕 HP[+1]
You barely miss something. The orc hits you but does no damage.
Something hits you. The orc barely misses you. 😮 HP[-3]
You take 3 damage, and now have 33/45 hp.
You barely miss the orc.
You feel less confused.
You hear some strange, mumbled words.
A magic dart appears from out of thin air!
The magic dart hits you. The orc hits you with a +0 hand axe.
The orc barely misses you. Something hits you but does no damage.
The orc barely misses you. 😮 HP[-3]
You take 3 damage, and now have 30/45 hp.
You hit something. Your headbutt misses something.
The orc hits you but does no damage. Something hits you.
The orc barely misses you.
The orc hits you with a +0 flail. 😮 HP[-7]
You take 7 damage, and now have 23/45 hp.
You hit something but do no damage. Your headbutt misses something.
The orc hits you but does no damage. Something hits you.
* * * LOW HITPOINT WARNING * * *
The orc hits you with a +0 flail!
* * * LOW HITPOINT WARNING * * *
😨 HP[-8]
You take 8 damage, and now have 15/45 hp.
You slash something! Your headbutt misses something.
The orc closely misses you.
You hear some strange, mumbled words.
A magic dart appears from out of thin air!
The magic dart hits you.
* * * LOW HITPOINT WARNING * * *
The orc completely misses you. 😱 HP[-5]
You take 5 damage, and now have 10/45 hp. 😱 HP[+1] 😨 HP[+1] 😨 HP[+1] 😨 HP[+1] 😨 HP[+1]
An orc wizard appears from thin air!
Reactivating autopickup.
The orc wizard gestures wildly while chanting.
The orc wizard flickers and vanishes!
Deactivating autopickup; reactivate with Ctrl-A. 😨 HP[+1]
There is an escape hatch in the floor here.
You slide downwards.
The hatch slams shut behind you.
Reactivating autopickup.
The kobold shouts!
The endoplasm quivers.
The ogre shouts!
You slash the orc!
You kill the orc!
The kobold hits you but does no damage. 😨 HP[+1]
You closely miss the kobold. The kobold hits you with a +0 dagger.
* * * LOW HITPOINT WARNING * * *
😨 HP[-1]
You take 1 damage, and now have 16/45 hp.
You aren't carrying any items that you can evoke.
You start putting on your amulet.
You continue putting on your amulet of regeneration {@e2}.
The kobold barely misses you.
You continue putting on your amulet of regeneration {@e2}.
The endoplasm hits you.
Keep equipping yourself?
* * * LOW HITPOINT WARNING * * *
The kobold hits you but does no damage.
You continue putting on your amulet of regeneration {@e2}.
The endoplasm hits you but does no damage.
The kobold hits you but does no damage.
You continue putting on your amulet of regeneration {@e2}.
The endoplasm hits you but does no damage.
The kobold hits you with a +0 dagger.
* * * LOW HITPOINT WARNING * * *
You continue putting on your amulet of regeneration {@e2}.
The endoplasm barely misses you. You furiously retaliate!
You headbutt the endoplasm!
You kill the endoplasm!
The kobold hits you but does no damage.
You finish putting on your amulet of regeneration {@e2}.
The amulet cannot attune itself to your injured body.
e - an amulet of regeneration (around neck) {@e2} 😨 HP[-2]
You take 2 damage, and now have 14/45 hp.
You slash the ogre! Your headbutt misses the ogre.
The ogre hits you with a +0 giant spiked club!
You die...

Skill      XL: |  1  2  3  4 |
---------------+-------------+-----
Long Blades    | 3 4 5 7 |  7.6
Fighting       | |  3.6
Armour         | |  3.6
Shields        | |  3.6

Action                   |  1- 3 |  4- 6 || total
-------------------------+-------+-------++-------
Melee: Long sword        |    54 |    84 ||   138
       Headbutt          |     6 |     8 ||    14
Armor: Scale mail        |    28 |    40 ||    68
Dodge: Dodged            |    30 |    43 ||    73
Block: Buckler           |    17 |    12 ||    29

Levels and vault maps discovered:
D:1:      ebering_hopf_link, layout_loops_ring,
          hellmonk_ecumenical_altar_arch_garden, serial_shops, shop,
          nicolae_lakefront_shop, nicolae_square_shop, shop_statue
D:2:      layout_loops_corners, basic_altar
D:3:      kennysheep_goblin_castle, layout_basic
D:4:      layout_basic, marbit_many_paths, mainiacjoe_overflow_catwalk,
          minmay_temple_entry_ruins

Notes
Turn   | Place    | Note
-------+----------+-------------------------------------------
     0 | D:1      | Faeu the Minotaur Fighter began the quest for the Orb.
     0 | D:1      | Reached XP level 1. HP: 19/19 MP: 0/0
     0 | D:1      | magus.rc [v1.9.6]
    50 | D:1      | Found a faded altar of an unknown god.
    69 | D:1      | Reached skill level 3 in Long Blades
   132 | D:1      | Reached XP level 2. HP: 22/26 MP: 1/1
   207 | D:1      | Found Uskeof's Weapon Emporium.
   242 | D:1      | Found Ocwidd's Weapon Shoppe.
   262 | D:1      | Found Gamm's Armour Boutique.
   463 | D:1      | Found Mostoen's Antique Weapon Shop.
   508 | D:1      | Reached skill level 4 in Long Blades
   779 | D:2      | Found a shimmering altar of Xom.
   803 | D:2      | Reached XP level 3. HP: 31/31 MP: 2/2
   954 | D:2      | Reached skill level 5 in Long Blades
   958 | D:2      | Reached XP level 4. HP: 37/39 MP: 3/3
   973 | D:2      | HP: 8/39 [something (4)]
  1777 | D:2      | Reached skill level 6 in Long Blades
  2029 | D:3      | Noticed an ogre
  2042 | D:3      | Killed an ogre
  2043 | D:3      | Reached skill level 7 in Long Blades
  2043 | D:3      | Reached XP level 5. HP: 44/45 MP: 4/4
  2260 | D:3      | HP: 10/45 [something/magic dart (5)]
  2301 | D:4      | Noticed an ogre
  2309 | D:4      | Slain by an ogre

Vanquished Creatures
  An ogre (D:3)
  An orc priest (D:2)
  An orc wizard (D:2)
  An adder (D:3)
  4 gnolls (D:3)
  3 worms (D:2)
  8 orcs
  11 endoplasms
  5 giant cockroaches
  3 goblins
  5 hobgoblins
  2 jackals (D:1)
  A quokka (D:1)
  2 ball pythons
  6 bats
  2 kobolds (D:2)
  4 rats
60 creatures vanquished.

Table legend:
 A = Non-vault XP
 B = Vault XP
 C = Vault XP percentage of total XP
 D = Non-vault monster count
 E = Vault monster count
 F = Vault count percentage of total count
                 A         B        C        D         E       F
            +---------+---------+-------+---------+---------+-------
      Total |     379 |       0 |   0.0 |      60 |       0 |   0.0
            +---------+---------+-------+---------+---------+-------
        D:1 |      36 |       0 |   0.0 |      20 |       0 |   0.0
        D:2 |     123 |       0 |   0.0 |      22 |       0 |   0.0
        D:3 |     215 |       0 |   0.0 |      16 |       0 |   0.0
        D:4 |       5 |       0 |   0.0 |       2 |       0 |   0.0
            +---------+---------+-------+---------+---------+-------

Illustrated notes

Table legend:
 A = Kills in this place as a percentage of kills in entire the game.
 B = Kills by you in this place as a percentage of kills by you in the entire game.
 C = Kills by friends in this place as a percentage of kills by friends in the entire game.
 D = Other kills in this place as a percentage of other kills in the entire game.
 E = Experience gained in this place as a percentage of experience gained in the entire game.
 F = Experience gained in this place divided by the number of levels of this place that you have seen.
                   A       B       C       D       E      F
               +-------+-------+-------+-------+-------+----------------------
         Total | 100.0 | 100.0 |   N/A |   N/A | 100.0 |  94.8
       Dungeon | 100.0 | 100.0 |   N/A |   N/A | 100.0 |  94.8
               +-------+-------+-------+-------+-------+----------------------

Table legend: (Time is in decaauts)
 A = Elapsed time spent in this place.
 B = Non-inter-level travel time spent in this place.
 C = Inter-level travel time spent in this place.
 D = Time resting spent in this place.
 E = Time spent auto-exploring this place.
 F = Levels seen in this place.
 G = Mean time per level.
                   A        B        C        D        E       F      G
               +--------+--------+--------+--------+--------+-----+--------+
         Total |   2330 |   2282 |     48 |    233 |   1661 |   4 |  582.5 |
       Dungeon |   2330 |   2282 |     48 |    233 |   1661 |   4 |  582.5 |
               +--------+--------+--------+--------+--------+-----+--------+

Top non-repeatable levels by time:
     D:2: 1197 daAuts
     D:1: 789 daAuts
     D:3: 335 daAuts
     D:4: 7 daAuts
